 Dungeon Crawl Stone Soup version bcrawl-1.12-11-gb93c957c58 (webtiles) character file.

Game seed: 16467853193650327377

19 MisterOstroum the Skirmisher (level 2, 0/26 HPs)
             Began as a Sand Dwarf Archaeologist on June 22, 2019.
             Slain by a rat (1 damage)
             ... on level 2 of the Dungeon.
             The game lasted 00:01:35 (629 turns).

MisterOstroum the Skirmisher (SDAc)                  Turns: 629, Time: 00:01:36

Health: 0/26       AC:  8    Str: 15    XL:     2   Next: 75%
Magic:  2/2        EV: 14    Int: 14    God:
Gold:   108        SH:  0    Dex:  9    Spells: 1/1 levels left

rFire    . . .     SeeInvis .   m - +0 club
rCold    . . .     Gourm    .   (shield restricted)
rNeg     . . .     Faith    .   a - +1 robe
rPois    .         Spirit   .   b - +1 hat
rElec    .         Reflect  .   (no cloak)
rCorr    .         Harm     .   d - +1 pair of gloves
MR       .....                  c - +1 pair of boots
Stlth    ++........             (no amulet)
HPRegen  0.08/turn              (no ring)
MPRegen  0.08/turn              (no ring)

@: slow
A: small, slowness 1, armour attunement
a: no special abilities


You were on level 2 of the Dungeon.
You were not hungry.

You visited 1 branch of the dungeon, and saw 2 of its levels.

You collected 108 gold pieces.

Inventory:

Hand Weapons
 j - a +0 dagger
 m - a +0 club (weapon)
Armour
 a - a +1 robe (worn)
 b - a +1 hat (worn)
 c - a +1 pair of boots (worn)
 d - a +1 pair of gloves (worn)
Scrolls
 h - a scroll of teleportation {unknown}
 k - a scroll of identify {unknown}
 l - a scroll of remove curse {unknown}
Miscellaneous
 f - an ancient crate
 g - a dusty tome
Comestibles
 e - 3 rations {!d}
 i - a chunk of flesh


   Skills:
 + Level 3.2 Fighting
 - Level 2.4 Dodging
 - Level 2.4 Stealth


You had one spell level left.
You didn't know any spells.
Your spell library was empty.

Dungeon Overview and Level Annotations

Branches:
Dungeon (2/12)

Altars:
Trog


Innate Abilities, Weirdness & Mutations

You are small and have problems with some larger weapons.
You cover ground slowly.
Armour does not affect your spellcasting.


Message History

You barely miss the jackal.
The jackal is severely wounded.
The jackal bites you but does no damage.
The jackal closely misses you.
You closely miss the jackal.
The jackal is severely wounded.
The jackal completely misses you. The jackal barely misses you.
You hit the jackal.
You kill the jackal!
Your Fighting skill increases to level 3!
The jackal barely misses you.
You closely miss the jackal.
The jackal bites you but does no damage.
The jackal closely misses you.
You miss the jackal.
The jackal bites you but does no damage.
The jackal misses you.
You barely miss the jackal.
The jackal bites you but does no damage.
You barely miss the jackal. The jackal barely misses you.
The jackal bites you but does no damage.
You hit the jackal but do no damage.
The jackal bites you but does no damage.
The jackal bites you.
You hit the jackal.
The jackal is severely wounded.
The jackal bites you. The jackal closely misses you.
You are too injured to fight recklessly!
You are too injured to fight recklessly!
You are too injured to fight recklessly!
You are too injured to fight recklessly!
You hit the jackal.
You kill the jackal!
The jackal barely misses you.
You barely miss the jackal. The jackal closely misses you.
The jackal barely misses you.
You hit the jackal.
The jackal is heavily wounded.
The jackal bites you but does no damage.
The jackal barely misses you.
You hit the jackal.
You kill the jackal!
You hit the worm.
The worm is moderately wounded.
The worm bites you!
* * * LOW HITPOINT WARNING * * *
You hit the worm.
The worm is moderately wounded.
The worm bites you.
* * * LOW HITPOINT WARNING * * *
You hit the worm but do no damage.
The worm is moderately wounded.
Found 20 gold pieces.
You see here 20 gold pieces.
Some of the chunks of flesh in your inventory have rotted away.
The moth of wrath's fur bristles in rage as it notices you. 4 rats come into view.
Found a flail and a club.
Found a bloodstained altar of Trog.
Firing (i - inventory) No suitable missiles.
Press: ? - help, Shift-Dir - straight line, f - worm
Aim: a worm
Okay, then.
Wield which item (- for none, * to show all)? (? for menu, Esc to quit)
Okay, then.
A rat comes into view.
Found a runed short sword and a mace.
You hit the rat.
You kill the rat!
The rat bites you but does no damage.
The moth of wrath goads the rat on!
The rat goes berserk!
You see here a rat corpse.
You hit the rat but do no damage.
The rat bites you but does no damage. x2
You hit the rat.
The rat is heavily wounded.
The rat bites you.
* * * LOW HITPOINT WARNING * * *
The moth of wrath goads the rat on!
The rat goes berserk!
The moth of wrath goads the rat on!
The rat goes berserk!
The rat barely misses you. x2; The rat closely misses you.
The worm closely misses you. The rat barely misses you.
You hit the rat.
The rat is severely wounded.
The rat bites you.
* * * LOW HITPOINT WARNING * * *
The rat bites you but does no damage. The rat closely misses you.
The moth of wrath goads the rat on!
The rat goes berserk!
The rat bites you.
* * * LOW HITPOINT WARNING * * *
The worm barely misses you.
The rat bites you but does no damage. x2
You hit the rat.
You kill the rat!
The rat bites you but does no damage. The rat completely misses you.
The rat closely misses you. The rat barely misses you.
The rat closely misses you. The rat bites you but does no damage.
The worm misses you. The rat barely misses you. The rat closely misses you.
The rat barely misses you.
You see here a rat corpse.
The rat misses you.
The moth of wrath goads the worm on!
The worm goes berserk!
The rat bites you but does no damage. The rat bites you.
You die...

#.##...## #
####.####..###### #
##.......##w$....#####
##.........######.....†
#...........# #######
#....###....# .
#...##y##†..# .#
#....###w...# .##
##....@rr..## .. #
#)..._r.).# .. #
##....).)## ##
###...### #####


You could see a moth of wrath, a worm (berserk) and 3 rats.

Vanquished Creatures
  A giant cockroach (D:1)
  A goblin (D:1)
  3 hobgoblins (D:1)
  4 jackals (D:2)
  A ball python (D:1)
  2 bats (D:1)
  A kobold (D:2)
  5 rats
18 creatures vanquished.

Notes
Turn   | Place    | Note
-------+----------+-------------------------------------------
     0 | D:1      | MisterOstroum the Sand Dwarf Archaeologist began the quest
                  | for the Orb.
     0 | D:1      | Reached XP level 1. HP: 16/16 MP: 1/1
   137 | D:1      | Reached skill level 2 in Fighting
   291 | D:1      | Reached XP level 2. HP: 22/25 MP: 2/2
   581 | D:2      | Reached skill level 3 in Fighting
   608 | D:2      | Noticed a moth of wrath
   611 | D:2      | Found a bloodstained altar of Trog.
   625 | D:2      | HP: 1/26 [rat (2)]
   629 | D:2      | Slain by a rat

Skill      XL: |  1  2 |
---------------+-------+-----
Fighting       | 2 3 |  3.2
Dodging        | |  2.4
Stealth        | |  2.4

Action                   || total
-------------------------++-------
Melee: Dagger            ||    37
       Unarmed           ||    21
       Club              ||    45
 Stab: Sleeping          ||     2
Armor: Robe              ||    41
Dodge: Dodged            ||   108
